 Dungeon Crawl Stone Soup version 0.31-a0-986-g5e6e4ef867 (webtiles) character file.

Game seed: 3127278425488138020

625 Xavori the Trooper (level 7, -5/53 HPs)
             Began as a Djinni Chaos Knight on Nov 9, 2023.
             Was a Plaything of Xom.
             Slain by an ogre
             ... wielding a +0 giant club
              (23 damage)
             ... on level 5 of the Dungeon.
             The game lasted 00:03:59 (11906 turns).

Xavori the Trooper (Djinni Chaos Knight)           Turns: 11906, Time: 00:03:59

Health: -5/53      AC: 10    Str:  7    XL:     7   Next: 76%
Gold:   181        EV: 13    Int: 17    God:    Xom [...*..] SH:  0 Dex: 17

rFire   + + .        a - +0 falchion (protect)
rCold   x . .        (no shield)
rNeg    . . .        b - +2 leather armour
rPois   ∞            (helmet restricted)
rElec   +            (no cloak)
rCorr   .            (no gloves)
SInv    .            (boots unavailable)
Will    .....        n - amulet of the acrobat
Stlth   +            (no ring)
HPRegen 0.28/turn    (no ring)
MPRegen 0.00/turn

%: acrobat, clarity, infuse magic (-6 HP)
@: under a protective aura, flying
A: sickness immunity, fire resistance 2, cold vulnerability 1, float, innate
caster, HP casting, extra vitality 1, horns 1, agile 1, clarity, clever 1,
deformed body, sense surroundings 1, electricity resistance, weak 1, no potion
heal 1, subdued magic 1, inability to read after injury 1
a: Renounce Religion


You were on level 5 of the Dungeon.
You worshipped Xom.
You were a favourite toy of Xom.
You visited 1 branch of the dungeon, and saw 5 of its levels.

You collected 181 gold pieces.

Inventory:

Hand Weapons
 a - a +0 falchion of protection (weapon)
Armour
 b - a +2 leather armour (worn)
 g - a +0 helmet
Jewellery
 n - an amulet of the acrobat (around neck)
Wands
 k - a wand of paralysis (7)
Scrolls
 c - a scroll of butterflies
 d - 2 scrolls of enchant weapon
 h - a scroll of fog
 l - a scroll of immolation
 o - a scroll of teleportation
 q - 2 scrolls of fear
 s - a scroll of poison
 u - 2 scrolls of vulnerability
Potions
 e - 4 potions of lignification {unknown}
 f - a potion of enlightenment {unknown}
 i - 4 potions of curing {unknown}
 j - 3 potions of mutation {unknown}
 m - 3 potions of might
 p - a potion of brilliance {unknown}
 r - a potion of attraction {unknown}
 t - 2 potions of resistance {unknown}


   Skills:
 + Level 4.4 Fighting
 + Level 4.0 Long Blades
 + Level 3.3 Armour
 + Level 4.2 Dodging
 * Level 2.7 Spellcasting
 * Level 2.7 Conjurations
 * Level 2.7 Hexes
   Level 0.0 Charms
 * Level 2.7 Summonings
 * Level 2.7 Necromancy
 * Level 2.7 Translocations
 * Level 2.7 Transmutations
 * Level 2.7 Fire Magic
 * Level 2.7 Ice Magic
 * Level 2.7 Air Magic
 * Level 2.7 Earth Magic
 * Level 2.7 Poison Magic


You knew the following spells:

 Your Spells              Type           Power      Damage    Failure   Level
a - Apportation           Tloc           18%        N/A       7%          1
b - Ensorcelled Hibernat  Hex/Ice        18%        N/A       11%         2
c - Inner Flame           Hex/Fire       9%         N/A       22%         3
Your spell library was empty.

Dungeon Overview and Level Annotations

Branches:
Dungeon (5/15)
 Temple: D:4-7

Altars:
Fedhas

Shops:
D:3 [   D:4 :


Innate Abilities, Weirdness & Mutations

You are immune to sickness and miasma.
You are immune to poison.
Your flesh is very heat resistant. (rF++)
You are vulnerable to cold. (rC-)
You float through the air rather than walking.
You learn spells naturally, not from books.
Your magical power is your life essence.
You have superior vitality. (+4 MHP)
You have a pair of small horns on your head.
You are agile. (Dex +4, Str/Int -1)
You possess an exceptional clarity of mind.
Your mind is acute. (Int +4, Str/Dex -1)
Armour fits poorly on your strangely shaped body.
You passively map a small area around you.
You are resistant to electric shocks. (rElec)
You are weak. (Str -2)
Potions are less effective at restoring your health.
Your spells are a little easier to cast, but a little less powerful.
You occasionally lose the ability to read scrolls when taking damage.


Message History

No target in view!
As you read the scroll of identify, it crumbles to dust.
s - a scroll of poison You now have 181 gold pieces (gained 10).
An ogre comes into view. It is wielding a +0 giant club.
Found 8 gold pieces.
The ogre shouts!
An ogre is nearby!
An ogre is nearby!
The ogre completely misses you.
You barely miss the ogre. Your headbutt misses the ogre.
The ogre closely misses you.
You hit the ogre but do no damage.
Your weapon exudes an aura of protection.
Your headbutt misses the ogre. The ogre hits you with a +0 giant club!
Unknown command.
You hit the ogre. Your punch misses the ogre.
The ogre is lightly wounded.
Unknown command.
You barely miss the ogre.
The ogre is lightly wounded.
The ogre hits you with a +0 giant club!
Unknown command.
You hit the ogre. You headbutt the ogre.
The ogre is heavily wounded.
The ogre misses you.
You barely miss the ogre.
The ogre is heavily wounded.
The ogre misses you.
Unknown command.
You hit the ogre. You headbutt the ogre.
The ogre is severely wounded.
You hit the ogre.
The ogre is severely wounded.
The ogre hits you with a +0 giant club!
You hit the ogre.
You headbutt the ogre, but do no damage.
The ogre is almost dead.
The ogre hits you with a +0 giant club!!
You die...

###.)...#.# ...
#..#...## *.$,
#..#....## .# ,,
#........### ##.#
* #..........###.#
**#....##........#
#....####...###.##
* ......
######...# *
.#...# #.@.#* *
..(. ###O....#
.####.# .# * , .#
*.# .# , ## **


You could see an ogre.

Vanquished Creatures
  Sigmund (D:2)
  An ogre (D:5)
  A howler monkey (D:4)
  A hound (D:4)
  A jelly (D:5)
  An iguana (D:4)
  A gnoll (D:4)
  9 adders
  A white imp (D:3)
  3 worms (D:3)
  A dart slug (D:5)
  5 orcs
  2 endoplasms (D:1)
  5 goblins
  7 hobgoblins
  7 jackals (D:1)
  6 kobolds
  4 quokkas
  11 ball pythons
  6 bats
  3 frilled lizards
  4 rats
81 creatures vanquished.

Vanquished Creatures (collateral kills)
  A hound (D:4)
  4 gnolls (D:4)
  A hobgoblin (D:4)
6 creatures vanquished.

Grand Total: 87 creatures vanquished

Notes
Turn   | Place    | Note
-------+----------+-------------------------------------------
     0 | D:1      | Xavori the Djinni Chaos Knight began the quest for the Orb.
     0 | D:1      | Reached XP level 1. HP: 20/20 MP: 0/0
    69 | D:1      | Reached XP level 2. HP: 24/25 MP: 0/0
   304 | D:1      | XOM: potion effect (berserk rage)
   313 | D:1      | Reached XP level 3. HP: 30/30 MP: 0/0
   313 | D:1      | Learned a level 1 spell: Apportation
   472 | D:1      | XOM: 1-stop teleportation journey
   808 | D:1      | XOM: divination: detect creatures
  1043 | D:1      | XOM: god gift: war axe {god gift}
  1085 | D:1      | XOM: give mutations
  1085 | D:1      | Gained mutation: Your natural rate of healing is unusually
                  | fast. [Xom's mischief]
  1085 | D:1      | Gained mutation: You heal very quickly. [Xom's mischief]
  1085 | D:1      | Lost mutation: You heal very quickly. [Xom's mischief]
  1571 | D:2      | XOM: noise
  1753 | D:2      | Noticed Sigmund
  1762 | D:2      | Killed Sigmund
  1762 | D:2      | XOM: noise
  1763 | D:2      | Reached skill level 1 in Spellcasting
  1763 | D:2      | Reached skill level 1 in Conjurations
  1763 | D:2      | Reached skill level 1 in Hexes
  1763 | D:2      | Reached skill level 1 in Summonings
  1763 | D:2      | Reached skill level 1 in Necromancy
  1763 | D:2      | Reached skill level 1 in Translocations
  1763 | D:2      | Reached skill level 1 in Transmutations
  1763 | D:2      | Reached skill level 1 in Fire Magic
  1763 | D:2      | Reached skill level 1 in Ice Magic
  1763 | D:2      | Reached skill level 1 in Air Magic
  1763 | D:2      | Reached skill level 1 in Earth Magic
  1763 | D:2      | Reached skill level 1 in Poison Magic
  1763 | D:2      | Reached XP level 4. HP: 14/37 MP: 0/0
  1763 | D:2      | Reached XP level 5. HP: 15/41 MP: 0/0
  1763 | D:2      | Learned a level 2 spell: Ensorcelled Hibernation
  1763 | D:2      | Reached XP level 6. HP: 18/47 MP: 0/0
  1818 | D:2      | XOM: blink monster(s)
  1929 | D:2      | XOM: torment (25/47 hp)
  2124 | D:3      | XOM: give mutations
  2124 | D:3      | Gained mutation: You are frail. (-10% HP) [Xom's mischief]
  2124 | D:3      | Gained mutation: Potions are less effective at restoring
                  | your health. [Xom's mischief]
  2124 | D:3      | Gained mutation: Armour fits poorly on your strangely
                  | shaped body. [Xom's mischief]
  2124 | D:3      | Gained mutation: Your spells are a little easier to cast,
                  | but a little less powerful. [Xom's mischief]
  2263 | D:2      | XOM: summons 4 hostile demons
  3019 | D:2      | XOM: summons 3 hostile shadow creatures
  3264 | D:2      | XOM: summons 4 hostile demons
  3265 | D:2      | Noticed a chaos spawn
  3670 | D:2      | XOM: give mutations
  3670 | D:2      | Gained mutation: You possess an exceptional clarity of
                  | mind. [Xom's mischief]
  3670 | D:2      | Lost mutation: You are frail. (-10% HP) [Xom's mischief]
  3818 | D:2      | XOM: give mutation
  3818 | D:2      | Gained mutation: You are agile. (Dex +4, Str/Int -1) [Xom's
                  | mischief]
  4178 | D:2      | XOM: summons 1 hostile demon
  4763 | D:2      | XOM is BORED!
  4763 | D:2      | XOM: give mutation
  4763 | D:2      | Gained mutation: Your mind is acute. (Int +4, Str/Dex -1)
                  | [Xom's mischief]
  6329 | D:2      | XOM: noise
  6365 | D:2      | XOM is BORED!
  6365 | D:2      | XOM: stat loss: -1 Str (8/9)
  6603 | D:2      | XOM: give mutation
  6603 | D:2      | Gained mutation: You occasionally lose the ability to read
                  | scrolls when taking damage. [Xom's mischief]
  7096 | D:2      | XOM: give mutation
  7096 | D:2      | Gained mutation: You have a pair of small horns on your
                  | head. [Xom's grace]
  8439 | D:2      | XOM: summons 4 hostile demons
  8695 | D:2      | XOM: give mutations
  8695 | D:2      | Gained mutation: You are weak. (Str -2) [Xom's mischief]
  8695 | D:2      | Lost mutation: Your natural rate of healing is unusually
                  | fast. [Xom's mischief]
  9110 | D:2      | XOM: summons 1 hostile demon
  9259 | D:3      | XOM: 9-stop teleportation journey
  9264 | D:3      | XOM: swap monsters
  9340 | D:3      | XOM: enchant monster (bad)
  9803 | D:3      | Found Hisaek's Armour Emporium.
  9805 | D:3      | XOM: silly message
  9811 | D:3      | XOM: enchant monster (bad)
  9910 | D:3      | Found a blossoming altar of Fedhas.
 10416 | D:4      | XOM: enchant monster (good)
 10422 | D:4      | Reached XP level 7. HP: 27/52 MP: 0/0
 10422 | D:4      | Learned a level 3 spell: Inner Flame
 10518 | D:4      | XOM: butterfly on damage
 10927 | D:4      | XOM: 2-stop teleportation journey
 11276 | D:4      | Found Bubbuk's Tremendous Tomes.
 11370 | D:5      | Entered Level 5 of the Dungeon
 11445 | D:5      | XOM: smoke on damage
 11467 | D:5      | XOM: god gift: runed plate armour {god gift}
 11500 | D:5      | XOM: enchant monster (good)
 11747 | D:5      | XOM: give mutations
 11747 | D:5      | Gained mutation: You passively map a small area around you.
                  | [Xom's grace]
 11747 | D:5      | Gained mutation: You are resistant to electric shocks.
                  | (rElec) [Xom's grace]
 11906 | D:5      | Slain by an ogre

Illustrated notes

Levels and vault maps discovered:
D:1:      giann_bridges, layout_loops_ring, minmay_pentomino_q4
D:2:      layout_basic, uniq_sigmund
D:3:      layout_rooms, fedhas_altar_4, serial_shops, shop, minmay_pentangle
D:4:      layout_basic, nicolae_shop_i_like_big_books, dreamdust_gnoll_farm
D:5:      layout_layer_cave, serial_shops, nicolae_book_shop_shelving,
          uniq_duvessa

Skill      XL: |  1  2  3  4  5  6  7 |
---------------+----------------------+-----
Long Blades    | 3 4 |  4.0
Armour         | 2 3 |  3.3
Dodging        | 3 4 |  4.2
Spellcasting   | 1 2 |  2.7
Conjurations   | 1 2 |  2.7
Hexes          | 1 2 |  2.7
Summonings     | 1 2 |  2.7
Necromancy     | 1 2 |  2.7
Translocations | 1 2 |  2.7
Transmutations | 1 2 |  2.7
Fire Magic     | 1 2 |  2.7
Ice Magic      | 1 2 |  2.7
Air Magic      | 1 2 |  2.7
Earth Magic    | 1 2 |  2.7
Poison Magic   | 1 2 |  2.7
Fighting       | 4 |  4.4

Action                     |  1- 3 |  4- 6 |  7- 9 || total
---------------------------+-------+-------+-------++-------
  Melee: Falchion          |   105 |   122 |    57 ||   284
         Punch             |     2 |     3 |     2 ||     7
         Headbutt          |       |    12 |     9 ||    21
    Use: Scroll            |       |     6 |     5 ||    11
   Stab: Sleeping          |       |     1 |     1 ||     2
         Paralysed         |       |       |     2 ||     2
 Armour: Leather armour    |    79 |    78 |    19 ||   176
  Dodge: Dodged            |    79 |    70 |    33 ||   182

Table legend: (Time is in decaauts)
 A = Elapsed time spent in this place.
 B = Non-inter-level travel time spent in this place.
 C = Inter-level travel time spent in this place.
 D = Time resting spent in this place.
 E = Time spent auto-exploring this place.
 F = Levels seen in this place.
 G = Mean time per level.
                   A        B        C        D        E       F      G
               +--------+--------+--------+--------+--------+-----+--------+
         Total |  11963 |  11798 |    165 |   8358 |   2750 |   5 | 2392.6 |
       Dungeon |  11963 |  11798 |    165 |   8358 |   2750 |   5 | 2392.6 |
               +--------+--------+--------+--------+--------+-----+--------+

Top non-repeatable levels by time:
     D:2: 6738 daAuts
     D:3: 2191 daAuts
     D:1: 1407 daAuts
     D:4: 1086 daAuts
     D:5: 538 daAuts
